 Dungeon Crawl Stone Soup version 0.28-a0-793-g31680bbd8b (webtiles) character file.

Game seed: 468898297206001091

341 gimp the Skirmisher (level 6, -11/52 HPs)
             Began as a Ghoul Artificer on Nov 4, 2021.
             Killed from afar by a steam dragon (21 damage)
             ... with a ball of steam
             ... on level 4 of the Dungeon.
             The game lasted 00:06:55 (4731 turns).

gimp the Skirmisher (Ghoul Artificer)               Turns: 4731, Time: 00:06:55

Health: -11/52     AC:  5    Str: 17    XL:     6   Next: 56%
Magic:  5/5        EV: 10    Int:  6    God:
Gold:   105        SH:  0    Dex: 10    Spells: 5/5 levels left

rFire   . . .      SeeInvis .   a - +0 hand axe
rCold   + . .      Faith    .   (no shield)
rNeg    + + +      Spirit   .   m - +0 ring mail
rPois   ∞          Reflect  .   (no helmet)
rElec   .          Harm     .   (no cloak)
rCorr   .          Rampage  .   (no gloves)
Will    .....                   (no boots)
Stlth   +.........              (no amulet)
HPRegen 0.17/turn               (no ring)
MPRegen 0.09/turn               (no ring)

@: no status effects
A: claws 1, cold resistance 1, negative energy resistance 3, inhibited
regeneration, torment resistance 2
a: no special abilities


You were on level 4 of the Dungeon.
You visited 1 branch of the dungeon, and saw 4 of its levels.

You collected 105 gold pieces.

Inventory:

Hand Weapons
 a - a +0 hand axe (weapon)
 f - a +0 club
Missiles
 i - 6 silver javelins
 k - 19 poisoned darts
Armour
 j - a +0 plate armour
 m - a +0 ring mail (worn)
Wands
 c - a wand of flame (7) (quivered)
 d - a wand of charming (14)
Scrolls
 g - a scroll of summoning {unknown}
 h - 4 scrolls of identify {unknown}
 l - a scroll of holy word {unknown}
 n - a scroll of immolation {unknown}
Potions
 b - a potion of brilliance {unknown}
 o - a potion of heal wounds {unknown}
 p - a potion of curing {unknown}
Miscellaneous
 e - a piece from Xom's chessboard (15/15)


   Skills:
 + Level 4.2 Fighting
 * Level 2.4(3.2) Axes
 - Level 3.1(3.5) Maces & Flails
 + Level 2.5 Armour
 - Level 0.8 Dodging
 - Level 1.1 Stealth
 - Level 2.6 Evocations


You had 5 spell levels left.
You didn't know any spells.
Your spell library contained the following spells:

 Spells                   Type           Power      Damage    Failure   Level
 Ensorcelled Hibernation  Hex/Ice        0%         N/A       80%         2
 Spider Form              Tmut/Pois      Unusable   N/A       N/A         3

Dungeon Overview and Level Annotations

Branches:
Dungeon (4/15)
 Temple: D:4-7

Altars:
Fedhas
Kikubaaqudgha
Nemelex Xobeh
Uskayaw
Yredelemnul


Innate Abilities, Weirdness & Mutations

You thrive by killing the living.
You are immune to poison.
You have sharp fingernails.
Your flesh is cold resistant. (rC+)
You are immune to negative energy. (rN+++)
You do not regenerate when monsters are visible.
You are immune to unholy pain and torment.


Message History

You kill the kobold!
Found 24 stones.
A hobgoblin comes into view.
The hobgoblin shouts!
You hit the endoplasm.
The endoplasm is almost dead.
The endoplasm barely misses you. The endoplasm closely misses you.
You slash the endoplasm!
You kill the endoplasm!
You hit the kobold.
You kill the kobold!
Items here: ( )) †.
The hobgoblin barely misses you.
You hit the hobgoblin but do no damage.
The hobgoblin hits you but does no damage.
You hit the hobgoblin.
The hobgoblin is heavily wounded.
The hobgoblin closely misses you.
You barely miss the hobgoblin.
The hobgoblin is heavily wounded.
The hobgoblin misses you.
You hit the hobgoblin.
You kill the hobgoblin!
The steam dragon hisses angrily.
You see here a hobgoblin corpse.
The steam dragon breathes steam at you. The ball of steam hits you!
You take 13 damage, and have 39/52 hp.
MASSIVE DAMAGE!!
You are engulfed in a cloud of scalding steam.
You take 3 damage, and have 36/52 hp.
The steam dragon breathes steam at you. The ball of steam hits you!!
* * * LOW HITPOINT WARNING * * *
You take 23 damage, and have 14/52 hp.
MASSIVE DAMAGE!!
You are engulfed in a cloud of scalding steam.
* * * LOW HITPOINT WARNING * * *
You take 5 damage, and have 9/52 hp.
The steam dragon breathes steam at you. The ball of steam hits you!!
You die...

..# #.....# #.# #.....#
#####.###.....#
#######...#...#.....#
....................#.. ..
#####...)....<......#.#.#.#
#.......#....####.#...#
#............####.#..##
##....@###.#...##.#....
#.....§.##....†........
#.....§.###..........#
#....§..# #..........#.
####...§.## #§..........$
.......D#####..........##
####....§§§............[.
####.####D....)....... ...#
##............


There were no monsters in sight!

Vanquished Creatures
  A necrophage (D:2)
  A water moccasin skeleton (D:4)
  An orc priest (D:3)
  An orc wizard (D:3)
  4 gnolls
  5 adders
  4 dart slugs
  A worm (D:3)
  An orc (D:3)
  6 ball pythons
  4 bats
  8 endoplasms
  A giant cockroach (D:4)
  6 hobgoblins
  2 jackals (D:1)
  13 kobolds
  2 quokkas
  A frilled lizard (D:3)
  A goblin (D:1)
  3 rats
66 creatures vanquished.

Notes
Turn   | Place    | Note
-------+----------+-------------------------------------------
     0 | D:1      | gimp the Ghoul Artificer began the quest for the Orb.
     0 | D:1      | Reached XP level 1. HP: 16/16 MP: 0/0
   104 | D:1      | Reached skill level 2 in Fighting
   193 | D:1      | Reached XP level 2. HP: 24/24 MP: 1/1
   704 | D:1      | Reached skill level 1 in Maces & Flails
   937 | D:1      | Reached XP level 3. HP: 4/30 MP: 2/2
  1433 | D:2      | Found a blossoming altar of Fedhas.
  1550 | D:2      | Noticed a necrophage
  1554 | D:2      | Reached skill level 3 in Fighting
  1875 | D:2      | Killed a necrophage
  1876 | D:2      | Reached XP level 4. HP: 35/39 MP: 3/3
  1876 | D:2      | Reached XP level 5. HP: 41/45 MP: 4/4
  2163 | D:2      | Found a faded altar of an unknown god.
  2973 | D:3      | Reached skill level 1 in Axes
  3141 | D:3      | Reached skill level 4 in Fighting
  3141 | D:3      | Reached XP level 6. HP: 24/52 MP: 5/5
  3623 | D:4      | Noticed a steam dragon
  4700 | D:4      | Found an ancient bone altar of Kikubaaqudgha.
  4702 | D:4      | Found a sparkling altar of Nemelex Xobeh.
  4703 | D:4      | Found a basalt altar of Yredelemnul.
  4704 | D:4      | Found a hide-covered altar of Uskayaw.
  4731 | D:4      | Killed from afar by a steam dragon

Illustrated notes

Levels and vault maps discovered:
D:1:      lemuel_arrival_river_ford, layout_loops_cross
D:2:      layout_basic, basic_altar, ebering_ecumenical_altar_hall,
          minmay_door_square, minmay_tiny_reverse_x
D:3:      layout_loops_ring, grunt_decor_cap
D:4:      layout_rooms, grunt_temple_overflow_open, serial_shops, shop,
          st_stairs_7

Skill      XL: |  1  2  3  4  5  6 |
---------------+-------------------+-----
Fighting       | 2 3 4 |  4.2
Maces & Flails | 1 3 |  3.1
Axes           | 1 2 |  2.4
Armour         | 2 |  2.5
Dodging        | |  0.8
Stealth        | |  1.1
Evocations     | |  2.6

Action                   |  1- 3 |  4- 6 || total
-------------------------+-------+-------++-------
Melee: Club              |    20 |       ||    20
       Hand axe          |   107 |   166 ||   273
Evoke: Wand              |     5 |     4 ||     9
       Piece from Xom's  |     6 |     1 ||     7
 Stab: Petrified         |     6 |       ||     6
Armor: Leather armour    |    46 |     3 ||    49
       Plate armour      |       |    56 ||    56
       Ring mail         |       |    15 ||    15
Dodge: Dodged            |    77 |    61 ||   138

Table legend: (Time is in decaauts)
 A = Elapsed time spent in this place.
 B = Non-inter-level travel time spent in this place.
 C = Inter-level travel time spent in this place.
 D = Time resting spent in this place.
 E = Time spent auto-exploring this place.
 F = Levels seen in this place.
 G = Mean time per level.
                   A        B        C        D        E       F      G
               +--------+--------+--------+--------+--------+-----+--------+
         Total |   4806 |   4571 |    235 |    996 |   2777 |   4 | 1201.5 |
       Dungeon |   4806 |   4571 |    235 |    996 |   2777 |   4 | 1201.5 |
               +--------+--------+--------+--------+--------+-----+--------+

Top non-repeatable levels by time:
     D:1: 1745 daAuts
     D:3: 1363 daAuts
     D:2: 1272 daAuts
     D:4: 425 daAuts
